 Dungeon Crawl Stone Soup version 0.22-a0-433-gd2a9cce (webtiles) character file.

126 Kairos the Chopper (level 4, 0/42 HPs)
             Began as a Deep Dwarf Monk on May 28, 2018.
             Slain by a worm (5 damage)
             ... on level 3 of the Dungeon.
             The game lasted 00:03:09 (1306 turns).

Kairos the Chopper (Deep Dwarf Monk)                Turns: 1306, Time: 00:03:10

Health: 0/42       AC: 11    Str: 14 (15) XL:     4   Next: 83%
Magic:  4/4        EV:  5    Int: 11      God:
Gold:   152        SH:  0    Dex: 15      Spells: 3/3 levels left

rFire    . . .     SeeInvis .   a - +0 hand axe
rCold    . . .     Gourm    .   (no shield)
rNeg     + . .     Faith    .   q - +1 plate armour
rPois    .         Spirit   .   (no helmet)
rElec    .         Reflect  .   (no cloak)
rCorr    .         Harm     .   (no gloves)
MR       .....                  (no boots)
Stlth    ..........             (no amulet)
HPRegen  0.00/turn              k - ring of positive energy
MPRegen  0.09/turn              (no ring)

@: non-regenerating
A: damage resistance, heal wounds, sense surroundings 1, no regeneration
a: Heal Wounds


You were on level 3 of the Dungeon.
You were not hungry.

You visited 1 branch of the dungeon, and saw 3 of its levels.

You collected 152 gold pieces.

Inventory:

Hand Weapons
 a - a +0 hand axe (weapon)
 n - a +2 flail of holy wrath
 o - a +1 whip of electrocution
Armour
 b - a +0 robe
 f - a +0 ring mail
 p - a +0 chain mail
 q - a +1 plate armour (worn)
Jewellery
 k - a ring of positive energy (left hand)
Scrolls
 d - a scroll of immolation {unknown}
 e - 2 scrolls of teleportation
 g - 2 scrolls of remove curse {unknown}
 i - a scroll of enchant weapon {unknown}
 j - 2 scrolls of blinking {unknown}
 m - 4 scrolls of identify {unknown}
Potions
 h - 2 potions of curing
 l - a potion of agility
 r - a potion of cancellation {unknown}
Comestibles
 c - 4 rations


   Skills:
 + Level 3.2 Fighting
 + Level 4.9 Axes
 + Level 1.1 Armour
 + Level 3.9 Dodging
 + Level 2.9 Stealth


You had 3 spell levels left.
You didn't know any spells.
Your spell library was empty.

Dungeon Overview and Level Annotations

Branches:
Dungeon (3/15)

Altars:

Annotations:
D:3 MisterFreud's ghost, amateur MfGl


Innate Abilities, Weirdness & Mutations

You are resistant to damage.
You can heal yourself by infusing magical energy.
You passively map a small area around you.
You do not regenerate.


Message History

The worm bites you. The gnoll hits you but does no damage.
You hit the worm.
The worm is severely wounded.
The gnoll hits you but does no damage. The worm bites you.
* * * LOW HITPOINT WARNING * * *
You hit the worm.
The worm is severely wounded.
The gnoll barely misses you. The gnoll hits you but does no damage.
The worm bites you but does no damage.
You hit the worm but do no damage.
The worm is severely wounded.
The gnoll hits you from afar with a spear.
You hit the worm.
The worm is severely wounded.
The worm barely misses you. The gnoll hits you but does no damage.
You hit the worm but do no damage.
The worm is severely wounded.
The gnoll hits you from afar with a spear.
The worm bites you!
You die...

#.# * #### , #.# * *
, #.# ** #.# * * #.#
* , ##.. , #.# * ,,
.g#** * #.# * * *
#)# #.# #g#######
#.# #.w@....# #.#
#######.####.#######
* #.#...........
#.#.##.####### *,
#.#.##.# * **
#.#.##.# , #.#.##.#
#.#.##.# ,,
#####.#.##.#


You could see a worm and a gnoll.

Vanquished Creatures
  Jessica (D:2)
  Terence (D:2)
  2 adders (D:2)
  2 gnolls (D:3)
  2 dart slugs
  A leopard gecko (D:1)
  A ball python (D:1)
  5 bats
  3 goblins
  4 hobgoblins
  2 quokkas
  2 frilled lizards
  6 kobolds
  4 rats
36 creatures vanquished.

Notes
Turn   | Place    | Note
-------+----------+-------------------------------------------
     0 | D:1      | Kairos the Deep Dwarf Monk began the quest for the Orb.
     0 | D:1      | Reached XP level 1. HP: 20/20 MP: 1/1
    48 | D:1      | Reached XP level 2. HP: 24/27 MP: 2/2
   698 | D:2      | Reached skill level 4 in Axes
   745 | D:2      | Reached XP level 3. HP: 17/33 MP: 3/3
   837 | D:2      | Noticed Jessica
   843 | D:2      | Killed Jessica
   881 | D:2      | Reached XP level 4. HP: 18/42 MP: 4/4
   887 | D:2      | Noticed Terence
   916 | D:2      | Killed Terence
  1172 | D:3      | Noticed MisterFreud's ghost (amateur MfGl)
  1283 | D:3      | Reached skill level 1 in Armour
  1306 | D:3      | Slain by a worm

Vault maps used:
D:1:      grunt_arrival_crossed_arrows
D:2:      uniq_jessica, uniq_terence
D:3:      gammafunk_temple_overflow_wave, nemelex_xobeh_ov_fountains_minmay,
          portal_sewer_entry_e, mrwooster_statue_mirror, uniq_robin

Skill      XL: |  1  2  3  4 |
---------------+-------------+-----
Axes           | 4 |  4.9
Fighting       | 3 |  3.2
Armour         | 1 |  1.1
Dodging        | |  3.9
Stealth        | |  2.9

Action                   |  1- 3 |  4- 6 || total
-------------------------+-------+-------++-------
Melee: Hand axe          |    76 |    65 ||   141
  Use: Potion            |     1 |     4 ||     5
       Scroll            |       |     2 ||     2
  Eat: Chunk             |       |     1 ||     1
Armor: Robe              |    12 |       ||    12
       Ring mail         |     5 |       ||     5
       Chain mail        |    15 |     9 ||    24
       Plate armour      |       |    33 ||    33
Dodge: Dodged            |    60 |    19 ||    79

Table legend:
 A = Spawn XP
 B = Non-spawn XP
 C = Spawn XP percentage of total XP
 D = Spawn monster count
 E = Non-spawn monster count
 F = Spawn count percentage of total count
 G = Total turns spent on level
                    A         B        C        D         E        F      G
               +---------+---------+-------+---------+---------+-------+---------
         Total |       0 |     180 |   0.0 |       0 |      36 |   0.0 |  1306
               +---------+---------+-------+---------+---------+-------+---------
           D:1 |       0 |      29 |   0.0 |       0 |      17 |   0.0 |   693
           D:2 |       0 |     120 |   0.0 |       0 |      15 |   0.0 |   514
           D:3 |       0 |      31 |   0.0 |       0 |       4 |   0.0 |    99
               +---------+---------+-------+---------+---------+-------+---------
